[Event "*** Titled Tuesday Blitz"]
[Site "Chess.com"]
[Date "2020.10.27"]
[Round "6"]
[White "Evachess2006"]
[Black "malakismayil"]
[Result "1-0"]
[WhiteElo "1646"]
[BlackElo "2254"]
[TimeControl "180+1"]
[EndTime "11:08:15 PDT"]
[Termination "Evachess2006 won on time"]

1. e4 e5 2. Nf3 Nc6 3. Bc4 Bc5 4. d3 Nf6 5. Nc3 d6 6. Bg5 h6 7. Bh4 Bg4 8. O-O g5 9. Bg3 Qd7 10. Nd5 Nxd5 11. Bxd5 O-O-O 12. c3 Bb6 13. Bxc6 Qxc6 14. h3 Bh5 15. Nxe5 dxe5 16. Qxh5 Qe6 17. Qg4 Qxg4 18.
hxg4 f6 19. Rfd1 Rd7 20. Kf1 h5 21. gxh5 Rxh5 22. f3 c5 23. Ke2 Kc7 24. Rh1 Rdh7 25. Rxh5 Rxh5 26. Rd1 Kc6 27. b4 cxb4 28. cxb4 Bd4 29.
Rc1+ Kb6 30. a4 a6 31. Rc8 Rh1 32. Rf8 Rh6 33. Rd8 Kc7 34. Rd5 Rh1 35. Rxd4 Rb1 36. Rc4+ Kd6 37. Bf2 Rb2+ 38. Ke3 b5 39. axb5 axb5 40.
Rc8 Rxb4 41. Be1 Rb1 42. Bd2 b4 43. Rc4 b3 44. Rb4 Kc5 45. Rc4+ Kb5 46. Rc1 Rb2 47. g4 Ra2 48. Rb1 Ka4 49. Bc3 Ka3 50. d4 exd4+ 51.
Bxd4 Rc2 52. Bxf6 b2 53. Rxb2 Rxb2 54. Bxb2+ Kxb2 55. f4 Kc3 56. fxg5 Kc4 57. g6 Kc5 58. g7 1-0

[Event "*** Titled Tuesday Blitz"]
[Site "Chess.com"]
[Date "2020.10.27"]
[Round "6"]
[White "CheckThis4"]
[Black "TokChess"]
[Result "1/2-1/2"]
[WhiteElo "2572"]
[BlackElo "2436"]
[TimeControl "180+1"]
[EndTime "11:08:16 PDT"]
[Termination "Game drawn - insufficient material"]

1. d4 Nf6 2. Bg5 e6 3. e4 h6 4. Bxf6 Qxf6 5. c3 d6 6. Bd3 Nd7 7. Ne2 e5 8. O-O c6 9. f4 Qd8 10. Nd2 Be7 11. Nf3 Bf6 12. Qd2 O-O 13. Rae1 Re8 14.
Bc2 Nb6 15. Bb3 exd4 16. Nexd4 d5 17. e5 Be7 18. f5 Bf8 19. e6 Nc4 20. Bxc4 dxc4 21.
exf7+ Kxf7 22. Rxe8 Qxe8 23. Re1 Qd8 24. Qe2 Kg8 25.
Qxc4+ Kh7 26. Qf7 Qf6 27. Qxf6 gxf6 28. Re8 Bc5 29. b4 Bd6 30. Ne6 b6 31. Rd8 Be7 32. Re8 Bd6 33. c4 Bb7 34. Rxa8 Bxa8 35. c5 Be7 36.
Nfd4 Bb7 37. Kf2 Kg8 38. Ke3 Kf7 39. h4 Ke8 40. g4 Kd7 41. Kf4 Ba6 42. a4 Bd3 43.
cxb6 axb6 44. b5 c5 45. Nc6 Bd6+ 46. Ke3 Bc2 47. Ncd8 Bxa4 48. Nf7 Bg3 49. h5 Bxb5 50. Nxh6 Bc4 51. Ng8 Bxe6 52. Nxf6+ Ke7 53. Ne4 Bh4 54. fxe6 Kxe6 55. g5 Kf5 56. h6 Kg6 57. Kf4 Be1 58.
Nd6 c4 59. Nxc4 Bd2+ 60. Kg4 Bxg5 61. h7 Kh6 62. Nxb6 Kxh7 1/2-1/2

[Event "*** Titled Tuesday Blitz"]
[Site "Chess.com"]
[Date "2020.10.27"]
[Round "6"]
[White "Deepweb2020"]
[Black "Dr_crypt"]
[Result "0-1"]
[WhiteElo "2234"]
[BlackElo "2456"]
[TimeControl "180+1"]
[EndTime "11:08:16 PDT"]
[Termination "Dr_crypt won on time"]

1. d4 d5 2. c4 c6 3. cxd5 cxd5 4. Nc3 Nc6 5. Bf4 Nf6 6. e3 a6 7. Bd3 Bg4 8. f3 Bh5 9. Nge2 e6 10. Rc1 Rc8 11.
a3 Bd6 12. Bxd6 Qxd6 13. O-O O-O 14. b4 Bg6 15. Bxg6 hxg6 16. Na4 e5 17. Nc5 exd4 18. Nxd4 Nxd4 19. Qxd4 Rc7 20. Nb3 Rfc8 21. Rxc7 Rxc7 22. Rc1 Rxc1+ 23. Nxc1 Qc6 24. Qc5 Qxc5 25. bxc5 Kf8 26. Kf2 Ke7 27. Ke2 Kd7 28. Kd2 Kc6 29. Nd3 Nd7 30. Kc3 f6 31. Kd4 a5 32. h4 Nf8 33. Nf4 Nd7 34. Nxg6 Nxc5 35. Ne7+ Kd6 36. Nxd5 Ne6+ 37. Kc4 b5+ 38. Kxb5 Kxd5 39. Kxa5 Kc5 40. Ka6 Kc6 41. a4 Nc5+ 42. Ka5 Nd3 43. Ka6 Ne1 44.
a5 Nxg2 45. Ka7 Nxh4 46. a6 Kc7 47. Ka8 Nxf3 48. e4 Ne5 49. a7 Nc6 50. e5 Nxa7 0-1

[Event "*** Titled Tuesday Blitz"]
[Site "Chess.com"]
[Date "2020.10.27"]
[Round "6"]
[White "PaulfromSPb"]
[Black "avantage_ru"]
[Result "1-0"]
[WhiteElo "2710"]
[BlackElo "2819"]
[TimeControl "180+1"]
[EndTime "11:08:17 PDT"]
[Termination "PaulfromSPb won by resignation"]

1. d4 Nf6 2. Bf4 b5 3. e3 Bb7 4. Nf3 a6 5. a4 b4 6. c3 e6 7.
Bd3 c5 8. O-O d5 9. cxb4 cxb4 10. Nbd2 Nc6 11. Nb3 Ne4 12. Rc1 Be7 13. Bxe4 dxe4 14.
Ne5 Nxe5 15. Bxe5 O-O 16. Nc5 Bd5 17. Qg4 g6 18. Qg3 a5 19. Bc7 Qe8 20. Bd6 f6 21.
Bxe7 Qxe7 22. Qg4 Kh8 23. Qf4 g5 24. Qg3 Rac8 25. Rc2 Rc6 26. Rfc1 Rfc8 27. Rd2 Qc7 28. Rcd1 Qxg3 29. hxg3 Kg7 30. Rc1 Kg6 31. Rcd1 h5 32.
Kf1 Rh8 33. Ke2 h4 34. gxh4 Rxh4 35. Rc2 Bb3 36. Kd2 Bxc2 37. Kxc2 Rh2 38. Rg1 f5 39.
Kb3 Rb6 40. Kc4 b3 41. Kc3 g4 42. Nxb3 Rb4 43. Nxa5 Rxa4 44. Nb3 Kf6 45. Nc5 Ra7 46. Kc4 g3 47. fxg3 Rg7 48. b4 Rxg3 49. b5 Rxe3 50. b6 Rh8 51. b7 Ke7 52. Na6 Rg3 53. b8=Q Rxb8 54. Nxb8 Kd6 55. Na6 f4 56. Nc5 Ke7 57.
Nxe4 Re3 58. Ng5 Re2 59. Nf3 Kf6 60. Kd3 Re3+ 61. Kd2 Kf5 62. Rh1 Kg4 63. Rh6 Kg3 64.
Rg6+ Kf2 65. Ne5 Rg3 66. Rf6 Rxg2 67. Rxf4+ Kg3+ 68. Ke3 Re2+ 69. Kxe2 Kxf4 70. Kd3 Kf5 71. Ke3 1-0

[Event "*** Titled Tuesday Blitz"]
[Site "Chess.com"]
[Date "2020.10.27"]
[Round "6"]
[White "Inga83"]
[Black "Quiet_Desperation"]
[Result "1/2-1/2"]
[WhiteElo "2394"]
[BlackElo "2029"]
[TimeControl "180+1"]
[EndTime "11:08:17 PDT"]
[Termination "Game drawn - insufficient material"]

1. d4 Nf6 2. c4 e6 3. g3 Bb4+ 4. Bd2 Qe7 5. Bg2 Nc6 6. Nf3 Bxd2+ 7. Nbxd2 d6 8. O-O O-O 9. e4 e5 10. d5 Nb8 11. b4 c6 12. Qe2 cxd5 13. cxd5 a5 14.
a3 Na6 15. Rab1 Bd7 16. Rfc1 Rfc8 17. Nc4 Bb5 18. Nfd2 axb4 19. axb4 Rc7 20. Bh3 Nd7 21. Qd1 Rac8 22. Na3 Rxc1 23. Rxc1 Rxc1 24. Qxc1 Be2 25. Qc8+ Nf8 26. Qc3 Qc7 27. Qxc7 Nxc7 28. f4 f6 29. Kf2 Ba6 30. Bc8 Kf7 31. Ke3 Ke7 32. Nb3 Kd8 33. Bf5 g6 34. Bh3 Nb5 35. Nc4 Kc7 36. Nca5 Nc3 37. Bg2 Nd1+ 38. Kd2 Nf2 39. Ke1 Nd3+ 40. Kd2 Nxb4 41. Kc3 Nd3 42. Bf1 Nc5 43. Bxa6 Nxa6 44. Kc4 Nd7 45. Kb5 Ndc5 46. Nd2 f5 47. fxe5 dxe5 48.
Nac4 Nxe4 49. Nxe4 fxe4 50. Nxe5 e3 51. Nf3 Kd6 52. Kc4 Nc7 53. Kd3 Nxd5 54. Ng5 b5 55. Nxh7 b4 56. Ng5 b3 57. Nf3 b2 58. Kc2 e2 59. Kxb2 Ne3 60. Kc1 Nf1 61. h4 Nxg3 62.
Kd2 Kd5 63. Ke1 Ke4 64. Kf2 Kf4 65. Nd4 Kg4 66. Nf3 Ne4+ 67. Kxe2 Nf6 68. Kf2 Nh5 69. Kg2 Ng7 70. Ne5+ Kxh4 71. Nxg6+ 1/2-1/2

[Event "*** Titled Tuesday Blitz"]
[Site "Chess.com"]
[Date "2020.10.27"]
[Round "6"]
[White "vugarrasulov"]
[Black "Oneofmyturns"]
[Result "1-0"]
[WhiteElo "2867"]
[BlackElo "2730"]
[TimeControl "180+1"]
[EndTime "11:08:19 PDT"]
[Termination "vugarrasulov won by resignation"]

1. d4 d5 2. c4 e6 3. Nf3 Nf6 4. Bg5 Be7 5. Nc3 h6 6. Bf4 O-O 7. e3 c5 8. dxc5 Bxc5 9. a3 Nc6 10. b4 Bd6 11. Bxd6 Qxd6 12. Be2 Rd8 13. O-O dxc4 14.
Bxc4 Qe7 15. Qb3 Bd7 16. Rfd1 Be8 17. h3 Rac8 18. Rxd8 Rxd8 19. Rc1 a6 20. Ne2 Qd6 21. Ned4 Nxd4 22. Nxd4 Bc6 23. Bf1 Bd5 24. Qc2 a5 25. Nb5 Qb6 26. Qc5 Qxc5 27. bxc5 Rc8 28. Nd6 Rc7 29.
Bb5 Bc6 30. Bxc6 Rxc6 31. Nxb7 Nd7 32. Nxa5 Rxc5 33. Rxc5 Nxc5 34. Kf1 Kf8 35. Nc6 Ke8 36. Ke2 f6 37. f3 Kd7 38. Nd4 g6 39. e4 e5 40. Nb5 Kc6 41. Nc3 f5 42. g4 Ne6 43.
exf5 gxf5 44. Ke3 Nd4 45. h4 Kd6 46. a4 f4+ 47. Ke4 Ke6 48. Nb5 Nb3 49. Nc7+ Kd6 50.
Ne8+ Ke6 51. Ng7+ Kf6 52. Nf5 Ke6 53. Kd3 h5 54. Ng7+ Kf6 55. Nxh5+ Ke6 56. Ng7+ Kd5 57. h5 Nc5+ 58. Ke2 e4 59. h6 e3 60. h7 1-0

[Event "*** Titled Tuesday Blitz"]
[Site "Chess.com"]
[Date "2020.10.27"]
[Round "6"]
[White "GregShahade"]
[Black "enriquetejedor"]
[Result "1/2-1/2"]
[WhiteElo "2647"]
[BlackElo "2487"]
[TimeControl "180+1"]
[EndTime "11:08:20 PDT"]
[Termination "Game drawn by stalemate"]

1. e4 c5 2. Nf3 d6 3. d4 cxd4 4.
Nxd4 Nf6 5. Nc3 Nc6 6. f3 e5 7. Nb3 Be6 8. Be3 d5 9. exd5 Nxd5 10. Nxd5 Qxd5 11. Qxd5 Bxd5 12. O-O-O O-O-O 13. Bb5 a6 14.
Bxc6 Bxc6 15. Na5 Bd5 16. c4 Be6 17. Rxd8+ Kxd8 18. Nxb7+ Kc7 19. Na5 Bb4 20. Bd2 Rb8 21. Bxb4 Rxb4 22. Re1 f6 23. a3 Ra4 24. b4 Rxa3 25.
Kb2 Rd3 26. Re2 g5 27. Kc2 Ra3 28. Kb2 Rd3 29. Rc2 h5 30. Nb3 Bc8 31. Nc5 Rd4 32. Kc3 Kc6 33. Ra2 Kb6 34. Ne4 Be6 35. c5+ Kb7 36.
Rb2 g4 37. Nxf6 gxf3 38. gxf3 Rf4 39. Nxh5 Rxf3+ 40. Kc2 Rh3 41. Ng3 Rxh2+ 42. Kc1 Rh3 43. Ne2 Rh1+ 44. Kd2 Rh2 45. Ke3 Bc4 46. Rd2 Kc7 47.
Nc3 Rh3+ 48. Ke4 Rxc3 49. Kxe5 Rb3 50. Rd6 Rxb4 51. Kd4 Bb5+ 52. Kd5 Rh4 53. Rg6 Rh7 54. c6 Re7 55. Kc5 Re5+ 56. Kd4 Rf5 57. Ke4 Rc5 58.
Kd4 Rxc6 59. Rxc6+ Kxc6 60. Kc3 Kc5 61. Kb2 Kb4 62. Ka1 Ka3 63. Kb1 Bc4 64. Ka1 Be6 65. Kb1 Bf7 66. Ka1 Bg8 67. Kb1 Kb3 68. Ka1 Kc3 69.
Kb1 Bh7+ 70. Ka1 Kc2 71. Ka2 Bg8+ 72. Ka1 Bf7 1/2-1/2

[Event "*** Titled Tuesday Blitz"]
[Site "Chess.com"]
[Date "2020.10.27"]
[Round "6"]
[White "Anton_Demchenko"]
[Black "bascheyaro"]
[Result "0-1"]
[WhiteElo "2844"]
[BlackElo "2745"]
[TimeControl "180+1"]
[EndTime "11:08:22 PDT"]
[Termination "bascheyaro won by resignation"]

1. e4 e6 2. d4 d5 3. Nd2 c5 4.
exd5 exd5 5. Ngf3 Nc6 6. Bb5 c4 7. O-O Bd6 8. b3 cxb3 9. axb3 Ne7 10. c3 O-O 11. Bd3 Bf5 12. Qc2 Qd7 13. Bxf5 Nxf5 14. Qd3 a6 15. Re1 Rae8 16. Bb2 Bf4 17. Nf1 f6 18. g3 Bb8 19. Ba3 Bd6 20. Bb2 g6 21. Ne3 Nxe3 22. Rxe3 Rxe3 23. Qxe3 Re8 24. Qd3 Kf7 25. Kg2 Qg4 26. Qd2 g5 27. c4 Bb4 28.
Qc2 Qe4 29. Rc1 g4 30. Qxe4 dxe4 31. Nh4 e3 32. fxe3 Rxe3 33. Rc2 Rxb3 34. d5 Ne5 35. Bxe5 fxe5 36. Re2 Bc5 37. Rxe5 Rb2+ 38. Kf1 Rxh2 39. Rh5 Kf6 40. Rxh7 b6 41. Rh6+ Kf7 42. Rh7+ Kf6 43. Ra7 a5 44. Ra8 Rf2+ 45. Ke1 Rc2 46. Ra6 Rxc4 47.
d6 Rd4 48. Ra8 Rxd6 49. Ke2 Ke5 50. Re8+ Re6 51. Ra8 Kd4+ 52. Kd2 Ke4 53. Rg8 Rd6+ 54. Kc2 Ke3 55. Rxg4 Kf2 56. Rf4+ Kxg3 57. Ra4 Rf6 58. Rc4 Kh3 59. Kb1 Bf2 60. Rc3+ Kxh4 61. Rc2 Bc5 62. Ka2 Rf4 63. Rc3 a4 64. Rd3 Rf2+ 65.
Kb1 a3 66. Rb3 a2+ 67. Ka1 Bd4+ 68. Rb2 Bxb2+ 69. Kxa2 Bd4+ 0-1

[Event "*** Titled Tuesday Blitz"]
[Site "Chess.com"]
[Date "2020.10.27"]
[Round "6"]
[White "krasavetc"]
[Black "olksuna"]
[Result "0-1"]
[WhiteElo "2288"]
[BlackElo "2607"]
[TimeControl "180+1"]
[EndTime "11:08:22 PDT"]
[Termination "olksuna won by resignation"]

1. e4 Nf6 2. e5 Nd5 3. Nf3 d6 4. Bc4 Nb6 5. Bb3 e6 6. exd6 cxd6 7. d4 d5 8. c3 Nc6 9. O-O g6 10.
Bg5 Be7 11. Bh6 Bf8 12. Bxf8 Kxf8 13. Nbd2 Kg7 14. a4 Bd7 15. a5 Nc8 16. Ba4 Nd6 17. b4 Re8 18. Nb3 b6 19. Bxc6 Bxc6 20. Ne5 Bb5 21. Re1 Rc8 22. axb6 axb6 23. Qd2 f6 24.
Ra7+ Rc7 25. Rxc7+ Qxc7 26. Nf3 Ne4 27. Qa2 Nxc3 28. Qb2 Ne4 29. Rc1 Qd6 30. Nbd2 Nxd2 31. Nxd2 Re7 32. Qc3 Qd8 33. h3 h5 34. Nb1 Bc4 35.
Na3 b5 36. Nc2 Ra7 37. Ne3 Ra2 38. Ra1 Qa8 39. Re1 Kf7 40. Nc2 Ra6 41. Kh2 Kg7 42.
g3 Qb8 43. Re3 h4 44. f4 hxg3+ 45. Kxg3 Qh8 46. Kh2 Qh4 47. Rf3 Ra2 48. Kg1 Qh5 49. Ne1 Qf5 50. Ng2 Qe4 51. Rg3 Qe2 52. h4 Qf1+ 53. Kh2 Ra1 54. Rf3 Qh1+ 55. Kg3 Bf1 56. Rf2 Bxg2 57. Rxg2 Rg1 58. Qf3 Rxg2+ 59. Qxg2 Qxg2+ 60. Kxg2 Kh6 61. Kg3 Kh5 62. Kh3 g5 63. hxg5 fxg5 64. Kg3 g4 65. f5 exf5 66. Kf4 0-1

[Event "*** Titled Tuesday Blitz"]
[Site "Chess.com"]
[Date "2020.10.27"]
[Round "6"]
[White "GMKrikor"]
[Black "GMBenjaminBok"]
[Result "0-1"]
[WhiteElo "2797"]
[BlackElo "2950"]
[TimeControl "180+1"]
[EndTime "11:08:27 PDT"]
[Termination "GMBenjaminBok won by resignation"]

1. e4 c5 2. Nf3 d6 3. d4 cxd4 4. Nxd4 Nf6 5. Nc3 a6 6. Be3 e5 7. Nb3 Be6 8. f3 Nbd7 9. g4 Be7 10. Qd2 Rc8 11. g5 Nh5 12. O-O-O O-O 13. Kb1 Qc7 14. Rg1 Nb6 15. Qf2 Nc4 16. Bxc4 Qxc4 17. Na5 Qc7 18. Bb6 Qd7 19. Nd5 Bxd5 20. Rxd5 f5 21. gxf6 Nxf6 22.
Qg2 Rf7 23. Rd3 Qb5 24. Rb3 Qa4 25. Qd2 Qd7 26. Rd1 Rcf8 27. Rc3 Qb5 28. Rb3 Qd7 29. Nc4 Qe6 30. Ne3 Nd7 31. Nf5 Kh8 32. Nxe7 Qxe7 33.
Qxd6 Nxb6 34. Qxe7 Rxe7 35. Rxb6 g6 36. Rd3 Ref7 37.
Rbb3 Kg7 38. a4 Kh6 39. Rd5 Rxf3 40. Rxf3 Rxf3 41. Rxe5 Rf1+ 42. Ka2 Rf2 43. Kb3 Rxh2 44. Re7 g5 45. Rxb7 g4 46. Rb8 Kg5 47. Rg8+ Kf4 48. e5 Re2 49. Rf8+ Kg5 50. Rg8+ Kh4 51. c4 Rxe5 52.
Kb4 Rg5 53. Rxg5 Kxg5 54. c5 g3 55. c6 g2 56. c7 g1=Q 57. c8=Q Qb6+ 58. Ka3 h5 59.
Qg8+ Qg6 60. Qxg6+ Kxg6 61. b4 h4 62. b5 h3 63. b6 h2 64. b7 h1=Q 65. b8=Q Qa1+ 66. Kb4 Qb2+ 67. Ka5 Qxb8 68. Kxa6 Kf5 69. a5 Qb4 70. Ka7 Qxa5+ 71. Kb8 Qc5 72. Kb7 Ke6 0-1

[Event "*** Titled Tuesday Blitz"]
[Site "Chess.com"]
[Date "2020.10.27"]
[Round "6"]
[White "brunomorado"]
[Black "Korchmar_Vasiliy"]
[Result "1/2-1/2"]
[WhiteElo "2422"]
[BlackElo "2600"]
[TimeControl "180+1"]
[EndTime "11:08:27 PDT"]
[Termination "Game drawn by stalemate"]

1. d4 Nf6 2. Nc3 g6 3. e4 d6 4.
g3 Bg7 5. Bg2 O-O 6. Nge2 Nc6 7.
h3 e5 8. Be3 Nh5 9. O-O f5 10.
exf5 gxf5 11. dxe5 dxe5 12. Qxd8 Rxd8 13. Rad1 Be6 14.
Nb5 Bc4 15. Nbc3 e4 16. Rfe1 Nb4 17. Rxd8+ Rxd8 18. Rc1 Nxa2 19. Nxa2 Bxe2 20. g4 fxg4 21. hxg4 Nf6 22. g5 Ng4 23. Bxe4 Nxe3 24. fxe3 c6 25. Kf2 Bc4 26. Nc3 Rd2+ 27. Kf3 Bf7 28. Rh1 Bg6 29.
Bxg6 hxg6 30. Rc1 Kf7 31. Ne4 Rd5 32. c3 Rf5+ 33. Kg4 Be5 34. Rd1 Ke7 35. Nc5 Bxc3 36. Rd7+ Ke8 37. bxc3 Rxc5 38. Rxb7 Rc4+ 39. Kf3 a5 40.
Ra7 Rc5 41. Ke4 Rxg5 42. Kd4 Kf8 43. e4 Rb5 44. e5 g5 45. Ke4 g4 46. Kf4 g3 47.
Kxg3 Rxe5 48. Kf4 Rc5 49. Ke4 Ke8 50. Kd4 Rd5+ 51. Kc4 Kd8 52. Rh7 Kc8 53. Rg7 Rd7 54. Rg5 Ra7 55. Kb3 Kb7 56. Ka4 Kb6 57. Rh5 Ra6 58.
c4 Ra7 59. c5+ Ka6 60. Rh7 Rc7 61. Rxc7 1/2-1/2

[Event "*** Titled Tuesday Blitz"]
[Site "Chess.com"]
[Date "2020.10.27"]
[Round "6"]
[White "fabianvivasz"]
[Black "paulrusan"]
[Result "0-1"]
[WhiteElo "2431"]
[BlackElo "2235"]
[TimeControl "180+1"]
[EndTime "11:08:28 PDT"]
[Termination "paulrusan won by resignation"]

1. e4 g6 2. d4 Bg7 3. Nc3 d6 4. f4 a6 5. Nf3 b5 6. Bd3 Bb7 7. e5 Nd7 8. Be4 Qb8 9. e6 fxe6 10. Qe2 b4 11. Bxb7 Qxb7 12. Ne4 Ngf6 13. Neg5 Nf8 14.
O-O Qd5 15. Re1 h6 16. Nxe6 Nxe6 17. Qxe6 Qxe6 18. Rxe6 Kd7 19. Re2 Rhg8 20. Bd2 a5 21. Rae1 Nd5 22. c4 bxc3 23. bxc3 Rae8 24. c4 Nb4 25. Rb1 c5 26. dxc5 dxc5 27. a3 Nc6 28. Rb7+ Kc8 29. Rb5 Nd4 30. Nxd4 Bxd4+ 31. Be3 e5 32. Bxd4 exd4 33. Rxc5+ Kb7 34. Rb2+ Ka6 35.
Rc6+ Ka7 36. Rc7+ Ka6 37. Rcb7 Re6 38. c5 Rge8 39. Kf2 Rc6 40. R7b6+ Rxb6 41. Rxb6+ Ka7 42. Rd6 Rc8 43. c6 Kb6 44. Ke2 Rxc6 45. Rxc6+ Kxc6 46.
Kd3 Kd5 47. g4 h5 48. f5 hxg4 49. fxg6 Ke6 50. Kxd4 Kf6 51. Ke4 Kxg6 52. Kd5 Kg5 53. Kc5 Kh4 54. Kb5 Kh3 55. Kxa5 Kxh2 56. Kb6 g3 57. a4 g2 58. a5 g1=Q+ 59. Kb7 Qb1+ 60.
Ka7 Qb5 61. a6 Qd7+ 62. Kb8 Qd8+ 63. Kb7 Qd5+ 64. Kb6 Qa8 65. a7 Kg3 0-1

[Event "*** Titled Tuesday Blitz"]
[Site "Chess.com"]
[Date "2020.10.27"]
[Round "6"]
[White "Zq1"]
[Black "politeplayer"]
[Result "1-0"]
[WhiteElo "2494"]
[BlackElo "2214"]
[TimeControl "180+1"]
[EndTime "11:08:29 PDT"]
[Termination "Zq1 won by checkmate"]

1. d4 d5 2. c4 e6 3. Nc3 c5 4. cxd5 exd5 5. Nf3 Nc6 6. dxc5 d4 7. Na4 Bxc5 8. Nxc5 Qa5+ 9. Qd2 Qxc5 10. e3 dxe3 11.
Qxe3+ Qxe3+ 12. Bxe3 Nge7 13. Bb5 a6 14. Ba4 b5 15.
Bb3 Na5 16. Bc2 Bb7 17. O-O Bxf3 18. gxf3 Nc4 19. Bc5 Nd2 20. Rfe1 Nxf3+ 21. Kg2 Nh4+ 22. Kg3 O-O-O 23. Rxe7 Rd2 24. Rc1 Rxc2 25. Rxc2 Nf5+ 26. Kf4 Nxe7 27. Bxe7+ Kd7 28. Bb4 f6 29. Rd2+ Kc7 30.
Rd6 a5 31. Bc5 Re8 32. Ra6 Re2 33. Rxa5 Rxb2 34. a3 Kc6 35. Be3 Kd5 36. Ra7 b4 37. axb4 Rxb4+ 38. Kg3 g5 39. Rxh7 Ke6 40. h4 gxh4+ 41.
Rxh4 Rb3 42. Ra4 Kf5 43. Ra5+ Kg6 44. Kg4 Rb4+ 45. Kf3 Rb3 46. Ke4 Rc3 47. Bd4 Rc4 48.
Ra6 Kg5 49. Kd3 Rc1 50. Bxf6+ Kf4 51. Bc3 Kf3 52. Rf6+ Kg4 53. Bd2 Rd1 54. Ke2 Ra1 55.
Rf4+ Kh5 56. Rd4 Kg6 57. Kf3 Ra2 58. Kg4 Kf6 59. f4 Kf7 60. Be3 Ra3 61. Kf3 Rb3 62. Ke4 Ke6 63. f5+ Kf6 64. Rd6+ Ke7 65. Rb6 Rc3 66.
Bd4 Rc1 67. Rb7+ Ke8 68. Kd5 Rf1 69. Ke6 Re1+ 70. Be5 Kd8 71. Rb8# 1-0

[Event "*** Titled Tuesday Blitz"]
[Site "Chess.com"]
[Date "2020.10.27"]
[Round "6"]
[White "sopo-tereladze"]
[Black "RamyresCoelho"]
[Result "1-0"]
[WhiteElo "2320"]
[BlackElo "2088"]
[TimeControl "180+1"]
[EndTime "11:08:29 PDT"]
[Termination "sopo-tereladze won by checkmate"]

1. d4 Nf6 2. Nf3 g6 3. Bf4 Bg7 4. e3 O-O 5. h3 d6 6. Be2 Nbd7 7. O-O Nh5 8. Bh2 b6 9. c3 Bb7 10. a4 a5 11. Na3 c5 12. Nb5 Nhf6 13. Qc2 h6 14.
Rad1 Rc8 15. Rfe1 Nd5 16. e4 Nc7 17. Nxc7 Qxc7 18. dxc5 Nxc5 19. e5 dxe5 20. Nd4 Na6 21. Nb5 Qb8 22. Bf1 Rfd8 23. Rxd8+ Rxd8 24. Qe2 Nc5 25.
Bxe5 Bxe5 26. Qxe5 Qxe5 27. Rxe5 Nxa4 28. Rxe7 Ba6 29.
b3 Nc5 30. Bc4 Bxb5 31. Bxb5 Nxb3 32. Bc4 Nc5 33. Rxf7 Kh8 34. Rf6 Ne4 35. Rxg6 Rd6 36. Rxd6 Nxd6 37. Ba2 Kg7 38. Kf1 Kf6 39. Ke2 Ne4 40.
Kd3 Nxf2+ 41. Kc4 Ne4 42. Kd4 Nd6 43. Kd5 Nf5 44. Kc6 Ne3 45. g4 Kg5 46. Kxb6 a4 47.
Kb5 a3 48. Ka4 Nxg4 49. hxg4 Kxg4 50. Kxa3 h5 51. Be6+ Kg5 52. Kb4 Kf6 53. Bh3 Ke5 54. c4 Kd6 55. c5+ Kc7 56. Kb5 h4 57. Bf5 Kb8 58.
Bh3 Kc7 59. c6 Kb8 60. Kc5 Kc7 61. Kd5 Kd8 62. Kd6 Ke8 63. c7 Kf7 64. c8=Q Kf6 65. Qf8+ Kg5 66. Ke5 Kh5 67. Qg8 Kh6 68. Kf5 Kh5 69.
Qg5# 1-0

[Event "*** Titled Tuesday Blitz"]
[Site "Chess.com"]
[Date "2020.10.27"]
[Round "6"]
[White "ftorodent"]
[Black "bazar-wokzal"]
[Result "0-1"]
[WhiteElo "2659"]
[BlackElo "2503"]
[TimeControl "180+1"]
[EndTime "11:08:34 PDT"]
[Termination "bazar-wokzal won on time"]

1. d4 Nf6 2. c4 Nc6 3. Nf3 e6 4.
a3 g6 5. Nc3 Bg7 6. e4 O-O 7.
Bd3 d6 8. O-O e5 9. d5 Ne7 10. b4 h6 11. c5 Ne8 12. Nd2 f5 13. Nc4 Rf7 14. f3 f4 15. Bd2 g5 16. Be2 Bf8 17.
Be1 Ng6 18. Bf2 h5 19. Rc1 Nf6 20. cxd6 cxd6 21. Nb5 g4 22. Kh1 g3 23. Bg1 gxh2 24.
Bxh2 h4 25. Rf2 Nh5 26. Kg1 Ng3 27. Bf1 Rf6 28. Rfc2 a6 29. Nc3 b5 30. Na5 Qb6+ 31.
Rf2 Be7 32. Qc2 Bd7 33. Nb1 Rc8 34. Nc6 Bxc6 35. dxc6 Bd8 36. Qd2 Qa7 37. Nc3 Ne7 38. Nd5 Nxd5 39. exd5 Bb6 40. a4 bxa4 41. Ra1 e4 42. Qb2 Bd4 43. Qc2 Bxa1 44. fxe4 Bd4 45. e5 dxe5 46. Bd3 Bxf2+ 47. Qxf2 Qxf2+ 48. Kxf2 e4 49. Bc4 a3 50. d6+ Kf8 51. d7 Rd8 52.
c7 Ke7 53. c8=Q Rxd7 54. Qc5+ Kd8 55. Qe5 Rdd6 56. Qa5+ Ke7 57. Qe5+ Kd7 58. Ke1 e3 59. Bxg3 hxg3 60. Be2 Rc6 61. Bg4+ Kd8 62. Qd5+ Ke7 63. Qe5+ Kf7 64. Qa1 Rfd6 65. Qxa3 Rd2 0-1

[Event "*** Titled Tuesday Blitz"]
[Site "Chess.com"]
[Date "2020.10.27"]
[Round "6"]
[White "Harsha_Bharathakoti"]
[Black "Sychev_Klementy"]
[Result "1/2-1/2"]
[WhiteElo "2830"]
[BlackElo "2870"]
[TimeControl "180+1"]
[EndTime "11:08:36 PDT"]
[Termination "Game drawn - insufficient material"]

1. d4 Nf6 2. c4 c5 3. d5 e5 4. Nc3 d6 5. e4 Nbd7 6. Bd3 Be7 7. Nge2 a6 8. O-O h5 9. h3 Nf8 10. f4 exf4 11. Bxf4 Ng6 12. Bh2 Nd7 13. Ng3 Nge5 14. Nxh5 Bf8 15. Be2 g6 16. Nf4 Bg7 17. Qd2 Qe7 18.
a4 Qg5 19. Rad1 Bh6 20. Qe1 b6 21. b3 Bb7 22. Qg3 Qe7 23. Nb1 Kd8 24. Nd2 Kc7 25.
Nf3 Bg7 26. Nd3 Rae8 27. Nfxe5 Nxe5 28. Qf2 Rh7 29. Nxe5 Bxe5 30. Bxe5 Qxe5 31. Bd3 Bc8 32. Qf4 Qd4+ 33. Qf2 Qe5 34. Qf4 Qd4+ 35. Kh2 Reh8 36. Rf3 Bd7 37. Be2 Qb2 38. Rd2 Qc1 39. Rdd3 Qa1 40. e5 Qxe5 41. Qxe5 dxe5 42. Rf6 Re8 43. Re3 Kd8 44. Rxb6 Bc8 45. Rc6 f5 46. Rxc5 e4 47. g3 Rhe7 48. d6 Re6 49. Rd5 Bb7 50. Rd4 Re5 51. c5 Rxc5 52. Bc4 Kd7 53. Re1 Ree5 54. Kg2 a5 55. Kf2 Bd5 56. Bxd5 Rcxd5 57. Red1 Rxd4 58. Rxd4 Rc5 59. g4 Rc3 60. gxf5 gxf5 61. Rd5 Rxh3 62. Rxf5 Kxd6 63. Rxa5 Rxb3 64. Ke2 Ra3 65. Ra8 Ke5 66. Re8+ Kd4 67. Rd8+ Kc5 68. Rc8+ Kb6 69. Re8 Ka5 70. Rxe4 Rxa4 71. Rxa4+ Kxa4 1/2-1/2

[Event "*** Titled Tuesday Blitz"]
[Site "Chess.com"]
[Date "2020.10.27"]
[Round "6"]
[White "alexwinter25"]
[Black "Rytenko_V"]
[Result "0-1"]
[WhiteElo "2333"]
[BlackElo "2525"]
[TimeControl "180+1"]
[EndTime "11:08:38 PDT"]
[Termination "Rytenko_V won by checkmate"]

1. e4 e6 2. d4 d5 3. exd5 exd5 4. c4 Nf6 5. Nc3 c6 6. Bd3 Bd6 7. Nge2 O-O 8. O-O Be6 9. c5 Bc7 10. h3 h6 11. Nf4 Re8 12. Re1 Bxf4 13. Bxf4 Nbd7 14.
b4 Nf8 15. Qf3 Kh8 16. Be5 N8d7 17. Bd6 Nf8 18. Re2 Bd7 19. Rae1 Rxe2 20. Rxe2 Be6 21.
a4 a6 22. a5 Qd7 23. Be5 N8h7 24. Bxh7 Nxh7 25. Qh5 Kg8 26. Re3 f6 27. Bd6 Bf7 28.
Qe2 Re8 29. Rxe8+ Qxe8 30. Qxe8+ Bxe8 31. f4 h5 32. g3 Bd7 33. h4 Bg4 34. Kf2 Kf7 35.
Ke3 Ke6 36. Na4 Kd7 37. Nb6+ Kd8 38. Na8 Bc8 39. Kf3 Bg4+ 40. Ke3 Bc8 41. Nb6 Bg4 42. Na4 Bf5 43. Nc3 Bg4 44. Nb1 Kd7 45. Nd2 Kd8 46.
Nf1 Kd7 47. Nh2 Ke6 48. Nf1 g5 49. Nd2 Kd7 50. fxg5 fxg5 51. hxg5 Nxg5 52. Kf4 Ne6+ 53. Ke5 Be2 54. Nb1 Nd8 55. Kf6 Ne6 56. Ke5 Bg4 57.
Nd2 Ng5 58. Kf4 Nf7 59. Be5 Ke6 60. Nf1 Nd8 61. Ne3 Be2 62. Kg5 Nf7+ 63. Kf4 Nd8 64. Nf5 Nf7 65. Ng7+ Ke7 66. Kf5 Bg4+ 67. Kg6 Nxe5+ 68.
dxe5 d4 69. Nf5+ Bxf5+ 70. Kxf5 d3 71. Kg5 d2 72. Kxh5 d1=Q+ 73. g4 Qd5 74. g5 Qxe5 75. Kh6 Kf7 76. g6+ Kf6 77. b5 Qh2# 0-1

[Event "*** Titled Tuesday Blitz"]
[Site "Chess.com"]
[Date "2020.10.27"]
[Round "6"]
[White "Arfan48"]
[Black "Jungle_Jaguar"]
[Result "0-1"]
[WhiteElo "2437"]
[BlackElo "2638"]
[TimeControl "180+1"]
[EndTime "11:08:41 PDT"]
[Termination "Jungle_Jaguar won by checkmate"]

1. Nf3 Nf6 2. c4 g6 3. b4 Bg7 4.
Bb2 d6 5. g3 O-O 6. Bg2 e5 7.
O-O Nc6 8. b5 Ne7 9. Nc3 Be6 10.
d3 c6 11. Nd2 d5 12. bxc6 bxc6 13. cxd5 cxd5 14. Nb3 Rb8 15. Na4 d4 16. Ba3 Re8 17.
Nac5 Bd5 18. Rc1 Bxg2 19. Kxg2 Ned5 20. Qd2 Nc3 21. e4 Bf8 22. Bb2 Ng4 23. Bxc3 Bh6 24. Qc2 dxc3 25. Rcd1 Rc8 26. Qxc3 Bf8 27. h3 Nf6 28. Rc1 Nd7 29. Qb4 Qe7 30. Qb7 Nxc5 31.
Nxc5 Rxc5 32. Qxe7 Bxe7 33. Rxc5 Bxc5 34. Rb1 Bb6 35.
Rc1 Rd8 36. Rc3 Rd4 37. f4 exf4 38. gxf4 Kg7 39. Kf3 h5 40. a3 Ra4 41. e5 Ba5 42. Rb3 Bd2 43. Rb7 Kf8 44. Rb8+ Ke7 45. Rb7+ Ke6 46.
Kf2 Bxf4 47. Kf3 Bxe5 48. Ke3 Bd4+ 49. Kd2 Bb6 50. Kc2 Rxa3 51. Kb2 Ra5 52. Rb8 Rd5 53. Kc3 Rg5 54. Kc4 Rg3 55. d4 Rxh3 56. d5+ Kd7 57. Rb7+ Kd6 58. Rxf7 Rh4+ 59. Kb5 Kxd5 60. Rf6 Rg4 61.
Rf7 Ke6 62. Rf8 h4 63. Re8+ Kf5 64. Rf8+ Ke4 65. Re8+ Kf3 66. Rf8+ Kg3 67. Ka6 h3 68. Rf7 h2 69. Rf1 Bg1 70. Rf5 h1=Q 71. Rf3+ Qxf3 72. Kb5 Qd5+ 73. Ka6 Ra4# 0-1